[Event "*** Titled Tuesday 3|2 Blitz"]
[Site "Chess.com"]
[Date "2016.01.05"]
[Round "4"]
[White "Tesla37"]
[Black "iturrizaga"]
[Result "1-0"]
[WhiteElo "2532"]
[BlackElo "2386"]
[TimeControl "180+2"]
[EndTime "11:49:42 PST"]
[Termination "Tesla37 won by resignation"]

1. e4 c5 2. d3 g6 3. g3 Nc6 4. Bg2 Bg7 5. f4 d6 6. Nf3 e5 7. O-O Nge7 8. Nc3 O-O 9. f5 gxf5 10. Nh4 fxe4 11. dxe4 Nd4 12. Rf2 Be6 13. Qh5 f6 14.
Nd5 Qd7 15. Nxe7+ Qxe7 16. c3 Nc6 17. Nf5 Bxf5 18. exf5 e4 19. Qd1 Rfe8 20. Bf4 Qf7 21. Qxd6 Bf8 22. Qd1 Rad8 23. Qg4+ Kh8 24. Re1 Qxa2 25.
Qh5 Bg7 26. h3 Re7 27. Kh2 Rde8 28. Bd6 Qf7 29. Qxf7 Rxf7 30. Rxe4 Rxe4 31. Bxe4 Bf8 32. Bd5 Rd7 33. Bxc6 Rxd6 34. Bxb7 Kg7 35. Kg2 a5 36. Re2 Rb6 37. Bd5 Bd6 38. Kf3 Be5 39. Bc4 h6 40. g4 Rd6 41. Ke4 h5 42. gxh5 Kh6 43. Bf7 Rd7 44. Be6 Rd1 45. Bf7 a4 46. Be8 a3 47. bxa3 Bxc3 48. a4 Rd4+ 49. Kf3 Rd3+ 50.
Kg2 c4 51. Bb5 Rd4 52. Rc2 Ba5 53. Rxc4 Rd2+ 54. Kf3 Kxh5 55. h4 Rd3+ 56. Ke2 Rd8 57. Bc6 Bc7 58. Bf3+ 1-0

[Event "*** Titled Tuesday 3|2 Blitz"]
[Site "Chess.com"]
[Date "2016.01.05"]
[Round "4"]
[White "ruifeng"]
[Black "ftorodent"]
[Result "0-1"]
[WhiteElo "2254"]
[BlackElo "2286"]
[TimeControl "180+2"]
[EndTime "11:49:45 PST"]
[Termination "ftorodent won by resignation"]

1. e4 e6 2. d4 d5 3. Nc3 Bb4 4. exd5 exd5 5. Bd3 Ne7 6. Qf3 Nbc6 7. Ne2 Be6 8. O-O Qd7 9. a3 Bd6 10. Nb5 O-O 11.
Nxd6 Qxd6 12. c3 Qd7 13. Ng3 Bg4 14. Qe3 Nf5 15. Qf4 Nxg3 16. Qxg3 Rae8 17. Bf4 Be2 18. Rfe1 Bxd3 19. Qxd3 Rxe1+ 20. Rxe1 Re8 21. Re3 Rxe3 22. Qxe3 Nd8 23. h3 Ne6 24. Bg3 Qb5 25. b4 Qd7 26. Qe5 f6 27. Qf5 c6 28. a4 Nc5 29. Qxd7 Nxd7 30.
Bc7 b5 31. axb5 cxb5 32. f3 Kf7 33. Kf2 Ke6 34. Ke3 g5 35. g4 Nf8 36. f4 Kd7 37.
Bb8 a6 38. fxg5 fxg5 39. Be5 Ne6 40. Bf6 Ke8 41. Be5 Ke7 42. Kf3 Kd7 43. Ke3 Kc6 44.
Bf6 Kb6 45. h4 gxh4 46. Bxh4 a5 47. bxa5+ Kxa5 48. Be7 Ka4 49. Kd3 Kb3 50. Bb4 Nf4+ 51.
Ke3 Ne6 52. Kd3 Ng5 53. Ba5 Ne4 54. Ke3 Nxc3 55. Kf4 b4 56. Kg5 Kc4 57. Kh6 b3 58. Kxh7 b2 59. Bxc3 Kxc3 60. g5 b1=Q+ 61. g6 Kxd4 62. Kh8 Ke5 63. g7 Qh1+ 64. Kg8 d4 65.
Kf8 Qa8+ 66. Kf7 Qd5+ 67. Kf8 Kf6 68. g8=N+ Qxg8+ 69. Kxg8 d3 0-1

[Event "*** Titled Tuesday 3|2 Blitz"]
[Site "Chess.com"]
[Date "2016.01.05"]
[Round "4"]
[White "StellarChessPro"]
[Black "amaidel"]
[Result "0-1"]
[WhiteElo "2200"]
[BlackElo "2363"]
[TimeControl "180+2"]
[EndTime "11:49:56 PST"]
[Termination "amaidel won by checkmate"]

1. d4 f5 2. Nf3 Nf6 3. Bg5 e6 4. Nbd2 Be7 5. e3 O-O 6. Bd3 d6 7.
Qe2 Qe8 8. e4 fxe4 9. Nxe4 Nc6 10.
c3 Nd5 11. Bd2 Nf4 12. Bxf4 Rxf4 13. O-O-O h6 14. h4 e5 15. Bc4+ Kh8 16. g3 Rf8 17. Nfg5 exd4 18. Qc2 Bf5 19. f3 Rd8 20. g4 Bg6 21. Ne6 d5 22. Nxf8 Qxf8 23. Bd3 dxe4 24. Bxe4 Bxe4 25. Qxe4 dxc3 26. Rxd8 cxb2+ 27. Kxb2 Bxd8 28. g5 Be7 29. gxh6 Bf6+ 30. Kb1 gxh6 31. Re1 Ne5 32. f4 Nf3 33. Qe8 Qxe8 34. Rxe8+ Kg7 35. Rc8 Nxh4 36. Rxc7+ Kg6 37. Rxb7 Ng2 38. Rxa7 h5 39. Rc7 h4 40. Rc1 Nxf4 41. a4 h3 42. a5 Bd4 43.
a6 Kf5 44. Kc2 Ne6 45. Kd3 h2 46. Rh1 Bg1 47. Kc4 Ke4 48. Kb5 Nc7+ 49. Kc6 Nxa6 50. Kb5 Nc7+ 51. Kc6 Ne6 52. Kd6 Nf4 53. Rxh2 Bxh2 54.
Ke7 Ke5 55. Kf7 Bg1 56. Ke8 Ke6 57. Kd8 Nd5 58. Kc8 Kd6 59. Kb7 Kd7 60. Ka6 Kc6 61.
Ka5 Kc5 62. Ka6 Bf2 63. Kb7 Kb5 64. Kc8 Kc6 65. Kb8 Be3 66. Ka8 Nc7+ 67. Kb8 Bd4 68. Kc8 Ba7 69. Kd8 Nd5 70. Kc8 Ne7+ 71. Kd8 Kd6 72. Ke8 Bb6 73. Kf7 Nf5 74. Kf6 Ne7 75.
Kg5 Ke5 76. Kg4 Nf5 77. Kf3 Bc5 78. Ke2 Ke4 79. Kd2 Bb4+ 80. Kc2 Nd4+ 81. Kb2 Kd3 82. Ka2 Kc2 83. Ka1 Nb3+ 84. Ka2 Nc1+ 85. Ka1 Bc3# 0-1

[Event "*** Titled Tuesday 3|2 Blitz"]
[Site "Chess.com"]
[Date "2016.01.05"]
[Round "4"]
[White "DeviatkinAndrey"]
[Black "Gergo85"]
[Result "0-1"]
[WhiteElo "2490"]
[BlackElo "2365"]
[TimeControl "180+2"]
[EndTime "11:49:58 PST"]
[Termination "Gergo85 won by resignation"]

1. d4 d5 2. c4 dxc4 3. e3 e5 4.
Bxc4 exd4 5. exd4 Bd6 6. Nf3 Nf6 7.
O-O O-O 8. h3 h6 9. Nc3 Nc6 10.
Re1 Bf5 11. a3 a6 12. Be3 Qd7 13. d5 Ne5 14. Nxe5 Bxe5 15. Bd4 Bxd4 16. Qxd4 Rfe8 17.
Rad1 Rxe1+ 18. Rxe1 Re8 19. Re5 Bg6 20. f4 Qd6 21. g4 Bc2 22. Kg2 b5 23. Be2 Rd8 24. Bf3 Nd7 25. Re2 Bb3 26. Ne4 Qb6 27. Qxb6 Nxb6 28. Nc5 Bxd5 29. Nxa6 Bc4 30. Rf2 Nd5 31.
Bxd5 Bxd5+ 32. Kg3 c6 33. Rd2 Re8 34. Kf2 Re4 35.
f5 Rf4+ 36. Kg3 Rf3+ 37. Kh2 Re3 38. Nc5 h5 39. gxh5 Rf3 40. a4 bxa4 41. Nxa4 Rxf5 42. h6 g6 43. Nc3 Be6 44. Ne4 Kh7 45. Kg3 Kxh6 46. Rc2 Re5 47. Nd6 Re3+ 48. Kf4 Rxh3 49. Rxc6 Rb3 50. Rc2 g5+ 51. Ke5 Kg6 52. Ne4 Re3 53. Rc6 Rb3 54. Rc2 Rb5+ 55. Kd6 Rd5+ 56. Ke7 Re5 57. Nd6 Bf5+ 58. Kf8 Bxc2 59. b4 g4 60. Nxf7 Rf5 0-1

[Event "*** Titled Tuesday 3|2 Blitz"]
[Site "Chess.com"]
[Date "2016.01.05"]
[Round "4"]
[White "oggy1984"]
[Black "alex_zapata"]
[Result "1/2-1/2"]
[WhiteElo "2176"]
[BlackElo "2206"]
[TimeControl "180+2"]
[EndTime "11:50:01 PST"]
[Termination "Game drawn - insufficient material"]

1. d4 d5 2. c4 Nf6 3. cxd5 Nxd5 4. Nf3 Bf5 5. a3 e6 6. Nc3 Be7 7. g3 O-O 8. Bg2 c5 9. O-O Nc6 10. Nxd5 Qxd5 11. Ne5 Qxd4 12. Nxc6 bxc6 13. Qxd4 cxd4 14. Bxc6 Rac8 15. Bf3 Rc2 16. b4 d3 17. exd3 Bf6 18.
Rb1 Bxd3 19. Rd1 Bf5 20. Be3 Rc3 21. Ra1 Rc2 22. Rac1 Ra2 23. Rc7 a6 24. Bc5 Rxa3 25.
Bxf8 Kxf8 26. Rc8+ Ke7 27. Rc7+ Kf8 28. Kg2 g5 29.
Rdd7 Bg6 30. Ra7 Rb3 31. Rxa6 Rxb4 32. h3 h5 33. Raa7 g4 34. hxg4 hxg4 35. Bc6 Bd4 36. Ra4 Rxa4 37. Bxa4 e5 38. Bb3 Kg7 39. Bd5 Kf6 40.
Rc7 Kg7 41. Rb7 Kf6 42. Kf1 Kg7 43. Ke2 Kf6 44. f3 gxf3+ 45. Kxf3 Bh5+ 46. g4 Bg6 47. Be4 Bxe4+ 48. Kxe4 Kg5 49. Kf3 f5 50. Rg7+ Kf6 51. Rg8 fxg4+ 52. Kxg4 e4 53. Re8 e3 54. Kf3 Kf5 55.
Rd8 Bb6 56. Rd6 Ba7 57. Ra6 Bd4 58. Ra5+ Ke6 59. Rb5 Kd6 60. Ke4 Bc5 61. Ra5 e2 62.
Ra6+ Kd7 63. Ra1 Bb4 64. Kd3 e1=R 65. Rxe1 Bxe1 1/2-1/2

[Event "*** Titled Tuesday 3|2 Blitz"]
[Site "Chess.com"]
[Date "2016.01.05"]
[Round "4"]
[White "GeorgMeier"]
[Black "MinhGTrAn"]
[Result "1-0"]
[WhiteElo "2688"]
[BlackElo "2592"]
[TimeControl "180+2"]
[EndTime "11:50:15 PST"]
[Termination "GeorgMeier won by resignation"]

1. Nf3 d5 2. g3 Bf5 3. Bg2 e6 4. O-O c6 5. c4 Nd7 6. cxd5 cxd5 7.
Qb3 Nc5 8. Qb5+ Qd7 9. Qxd7+ Nxd7 10. Nc3 Ngf6 11. d3 a6 12. Bf4 Be7 13. Rfc1 O-O 14. Rc2 Rfc8 15. Rac1 Kf8 16. Nh4 Bg6 17. e4 e5 18. Bg5 d4 19. Ne2 Rxc2 20. Rxc2 Ne8 21. Nxg6+ hxg6 22. Bh3 Bxg5 23. Bxd7 Nd6 24. f4 Bf6 25.
Kf2 Rd8 26. Rc7 g5 27. fxg5 Bxg5 28. Ba4 Rc8 29. Rd7 Be7 30. h4 g6 31. Kf3 Rd8 32. Rc7 Rc8 33. Rxc8+ Nxc8 34. Bb3 Nd6 35. Bd5 Kg7 36. Ng1 f5 37. Ke2 Kf6 38. Nf3 Bd8 39. Kd2 Ba5+ 40. Kc2 fxe4 41. dxe4 Bb4 42. Kd3 Bc5 43.
g4 Nf7 44. g5+ Ke7 45. Bxf7 Kxf7 46. Nxe5+ Kg7 47. Kc4 Bd6 48. Nf3 Bg3 49. Kxd4 Kf7 50.
Kc5 Bc7 51. Kd5 Bg3 52. e5 Ke7 53. e6 Bf2 54. Ne5 1-0

[Event "*** Titled Tuesday 3|2 Blitz"]
[Site "Chess.com"]
[Date "2016.01.05"]
[Round "4"]
[White "HansCoolNiemann"]
[Black "nfds"]
[Result "1-0"]
[WhiteElo "2215"]
[BlackElo "2334"]
[TimeControl "180+2"]
[EndTime "11:50:25 PST"]
[Termination "HansCoolNiemann won by resignation"]

1. d4 g6 2. e4 Bg7 3. f4 d6 4. Nf3 Nf6 5. Bd3 O-O 6. O-O Bg4 7. h3 Bxf3 8. Qxf3 e5 9. fxe5 dxe5 10. d5 c6 11. Bg5 Qb6+ 12. Kh2 Nbd7 13. Nd2 Qc7 14. c4 h6 15. Be3 Ne8 16. Rac1 c5 17. a3 a5 18. Qf2 Nd6 19. b4 axb4 20. axb4 b6 21. bxc5 Nxc5 22. Bb1 Ndb7 23. Qh4 Kh7 24. Nf3 f6 25.
Qg3 Nd6 26. Nh4 Qf7 27. Bxc5 bxc5 28. Nf3 Ra4 29. Nxe5 Qe8 30. Nxg6 Qxg6 31. e5 f5 32. Qxg6+ Kxg6 33. exd6 Be5+ 34. Kh1 Bxd6 35. Rce1 Rxc4 36.
Re6+ Rf6 37. Rxf5 Rxe6 38. dxe6 Kg7 39. Rf7+ Kh8 40. Bd3 Rc1+ 41. Bf1 Re1 42. Rf6 Kg7 43. Rf7+ Kg6 44. g4 Rxe6 45. Rf3 Rf6 46. Bd3+ Kg7 47.
Re3 Rf7 48. Kg2 Rc7 49. Re6 Bf8 50. Rg6+ Kf7 51. Rb6 c4 52. Be4 c3 53. Rb1 Ba3 54.
Bc2 Bb2 55. Re1 Rd7 56. Re2 Bc1 57. Kf3 Bd2 58. h4 Kf6 59. Bf5 Rb7 60. Re6+ Kg7 61.
Rg6+ Kf7 62. Rc6 Re7 63. g5 hxg5 64. h5 Re8 65. Bg6+ Kf8 66. Bxe8 Kxe8 67. h6 Kf7 68. Kg4 Kg8 69. Kh5 Kh7 70. Rc7+ Kg8 71. Kg6 1-0

[Event "*** Titled Tuesday 3|2 Blitz"]
[Site "Chess.com"]
[Date "2016.01.05"]
[Round "4"]
[White "Colombiano07"]
[Black "ChessSkool"]
[Result "1/2-1/2"]
[WhiteElo "2159"]
[BlackElo "2218"]
[TimeControl "180+2"]
[EndTime "11:50:28 PST"]
[Termination "Game drawn - insufficient material"]

1. e4 c6 2. d4 d5 3. Nc3 dxe4 4. Nxe4 Bf5 5. Ng3 Bg6 6. h4 h6 7. N1e2 e6 8. Nf4 Bh7 9. Bc4 Nf6 10. Qe2 Bd6 11.
Ngh5 Bxf4 12. Nxf4 Qxd4 13. c3 Qe4 14. Be3 Nd5 15.
Bd3 Nxf4 16. Bxe4 Nxe2 17. Bxh7 Nxc3 18. Bc2 Nd5 19. Bd4 O-O 20. Rh3 e5 21. Bc5 Re8 22. Rd1 Nd7 23. Ba3 e4 24. Rd4 N7f6 25. Rb3 b6 26. Bd6 Rad8 27. Bg3 c5 28. Rd2 Nb4 29. Bb1 Rxd2 30. Kxd2 Nfd5 31. Ra3 a5 32. Ra4 f5 33. a3 Nc6 34. Ba2 Ne7 35. b4 axb4 36.
axb4 Kh7 37. bxc5 bxc5 38. Ra7 Nc6 39. Rd7 Ndb4 40. Bf7 Re7 41. Rxe7 Nxe7 42. Bd6 Ng6 43. h5 Nh4 44. g3 Nf3+ 45. Ke3 Nd3 46. Bg6+ Kg8 47. Bxf5 Ng5 48. Bxe4 Nxe4 49. Kxe4 Nxf2+ 50. Kf3 Nd3 51. Ke4 c4 52. Kd4 Nc1 53. Kxc4 Ne2 54. Be5 Ng1 55. Kd5 Kf7 56. Ke4 Nh3 57. Kf5 Ng5 58. Bc3 Ne6 59. Be5 Nc5 60. g4 Nd7 61.
Bxg7 Kxg7 62. g5 hxg5 63. Kxg5 Nf6 64. h6+ Kh7 65. Kxf6 Kxh6 1/2-1/2

[Event "*** Titled Tuesday 3|2 Blitz"]
[Site "Chess.com"]
[Date "2016.01.05"]
[Round "4"]
[White "GGuseinov"]
[Black "Keranke"]
[Result "0-1"]
[WhiteElo "2535"]
[BlackElo "2612"]
[TimeControl "180+2"]
[EndTime "11:50:31 PST"]
[Termination "Keranke won on time"]

1. e4 g6 2. d4 Bg7 3. Nc3 d6 4. Nf3 a6 5. a4 b6 6. h4 h6 7.
Bc4 e6 8. Be3 Bb7 9. h5 g5 10. Nh2 Nd7 11. Qe2 Ne7 12. Bb3 Nf6 13. f3 Nxh5 14. Qf2 Qd7 15. O-O-O O-O-O 16. Ng4 Nf6 17. Nxf6 Bxf6 18. f4 Ng6 19. g3 Kb8 20. Rhf1 gxf4 21. gxf4 h5 22. Kb1 Rdf8 23. Qe2 h4 24. e5 Be7 25. d5 h3 26. Bc4 Qc8 27.
dxe6 fxe6 28. Qg4 Nxe5 29. fxe5 Rxf1 30. Rxf1 h2 31. Bxe6 h1=Q 32. Rxh1 Rxh1+ 33. Ka2 Qf8 34. Nd5 dxe5 35. Qc4 Bd6 36. Bg5 Qf1 37. Qc3 Qg2 38.
Qd3 Qxg5 39. Nxb6 Qe7 40. Nd7+ Ka8 41. Bd5 c6 42. Bxc6 Ka7 43. Bxb7 Kxb7 44. Qd5+ Kc7 45.
Qxh1 Qxd7 46. Kb3 Qc6 47. Qh7+ Kb6 48. c3 Qd5+ 49. Kc2 e4 50. Qh8 Bc7 51. Qf6+ Qd6 52. Qxd6+ Bxd6 53. b4 Kc6 54. Kd2 Kd5 55. Ke3 Ke5 56.
Ke2 Kf4 57. b5 a5 58. b6 Bc5 59. b7 Ba7 60. c4 Ke5 61. c5 Kd5 62. Ke3 Bxc5+ 63.
Kd2 Ba7 0-1

[Event "*** Titled Tuesday 3|2 Blitz"]
[Site "Chess.com"]
[Date "2016.01.05"]
[Round "4"]
[White "Lupul_Cenusiu"]
[Black "AlexanderL"]
[Result "0-1"]
[WhiteElo "2374"]
[BlackElo "2549"]
[TimeControl "180+2"]
[EndTime "11:50:46 PST"]
[Termination "AlexanderL won by resignation"]

1. d4 d5 2. Nf3 Nf6 3. c4 c6 4.
Nc3 e6 5. e3 Nbd7 6. Qc2 Bd6 7.
Bd3 dxc4 8. Bxc4 O-O 9. O-O Qe7 10. h3 e5 11. Re1 Bc7 12. Bf1 Re8 13. dxe5 Nxe5 14.
Nxe5 Bxe5 15. e4 Bd4 16. Bd2 Qc5 17. Be3 Bxe3 18. Rxe3 Be6 19. Rc1 Rad8 20. b3 h6 21. e5 Nd5 22. Nxd5 Qxc2 23. Rxc2 Rxd5 24. f4 g5 25. fxg5 hxg5 26. Bc4 Rd1+ 27. Kf2 Kg7 28. Be2 Rd4 29. Bf3 Red8 30. Ke1 Bf5 31. Rf2 Be6 32.
Rc2 a5 33. Rec3 a4 34. bxa4 Rxa4 35. a3 Ra5 36. Re3 Rda8 37. Rb2 R8a7 38. Kf2 Kf8 39. Rb4 Ke7 40. Bd1 b5 41. a4 bxa4 42. Ra3 Rxe5 43.
Rbxa4 Rxa4 44. Rxa4 c5 45. Be2 Kd6 46. Ra6+ Kd5 47. Ra4 Kd6 48. Ra6+ Kc7 49. g3 Bxh3 50.
Ra7+ Kb6 51. Rxf7 Rf5+ 52. Rxf5 Bxf5 53. Ke3 Ka5 54. Kd2 Kb4 55. Bd1 c4 56. Be2 Kb3 57. Kc1 Kc3 58. Bf1 Bd3 59. Bg2 Kd4 60. Bc6 Ke3 61.
Bd7 Kf3 62. g4 c3 63. Bc8 Kf4 64. Bd7 Be4 65. Bc8 Bf3 66. Kc2 Bxg4 67. Ba6 Ke3 68.
Kxc3 Bf5 69. Bb7 g4 70. Bc6 Be4 71. Bd7 g3 72. Bh3 Kf2 73. Kd4 Bf5 0-1

[Event "*** Titled Tuesday 3|2 Blitz"]
[Site "Chess.com"]
[Date "2016.01.05"]
[Round "4"]
[White "bugsbunny444"]
[Black "Anton_Demchenko"]
[Result "0-1"]
[WhiteElo "2364"]
[BlackElo "2669"]
[TimeControl "180+2"]
[EndTime "11:51:07 PST"]
[Termination "Anton_Demchenko won by resignation"]

1. Nf3 Nf6 2. c4 g6 3. b4 Bg7 4. Bb2 O-O 5. g3 d6 6. Bg2 e5 7.
O-O Re8 8. d3 e4 9. dxe4 Nxe4 10.
Bxg7 Kxg7 11. Nfd2 Qf6 12. Nxe4 Qxa1 13. Qd2 Qe5 14.
f4 Qe7 15. Nbc3 Be6 16. Qd4+ f6 17. Ng5 Nc6 18. Bxc6 bxc6 19. Rf3 Bg8 20. Nge4 Bxc4 21. Qxc4 d5 22. Qxc6 dxe4 23. Re3 Qxb4 24. Nd5 Qd4 25.
Kg2 Rad8 26. Nxc7 Qxe3 27. Nxe8+ Kh6 28. Nxf6 Qxe2+ 29. Kh3 Rd2 30. Ng4+ Kg7 31. Qc7+ Kf8 32. Qc8+ Ke7 33. Qc7+ Rd7 34. Qe5+ Kd8 35. Qb8+ Ke7 36. Qe5+ Kf7 37. Nh6+ Kf8 38. Qh8+ Ke7 39. Qxh7+ Kd8 40.
Qg8+ Kc7 41. Qxg6 Qf1+ 42. Kh4 Qc4 43. Nf7 Qc5 44. Ne5 Rd4 45. Qf7+ Kc8 46. Qe8+ Kb7 47.
Qf7+ Kc8 48. Qe8+ Kb7 49. Qf7+ Kb6 50. Nd7+ Rxd7 51. Qxd7 e3 52. Qe6+ Ka5 53. f5 Qd4+ 54.
Kg5 Qd2 55. Qe5+ Kb4 56. Kg6 e2 57. Qe7+ Kc3 58. Qc5+ Kd3 59. Qd5+ Kc2 60. Qe4+ Kb2 61. Qe5+ Kc1 62. Qa1+ Kc2 63. f6 e1=Q 64. Qxe1 Qxe1 65. f7 Qe6+ 66. Kg7 Qe5+ 67. Kg8 Qg5+ 68. Kh7 Qf6 69. Kg8 Qg6+ 70. Kf8 Kd3 71. h4 Kd4 72. h5 Qxh5 73.
Ke7 Qe5+ 74. Kd7 Qf6 75. Ke8 Qe6+ 76. Kf8 Ke5 77. Kg7 Qf6+ 0-1

[Event "*** Titled Tuesday 3|2 Blitz"]
[Site "Chess.com"]
[Date "2016.01.05"]
[Round "5"]
[White "Iball95"]
[Black "Er_is_geen_hoop_meer"]
[Result "1-0"]
[WhiteElo "2398"]
[BlackElo "2310"]
[TimeControl "180+2"]
[EndTime "11:54:13 PST"]
[Termination "Iball95 won by resignation"]

1. Nf3 Nf6 2. c4 g6 3. g3 Bg7 4.
Bg2 O-O 5. Nc3 d6 6. O-O e5 7.
d4 Nbd7 8. h3 h6 9. e4 Nh7 10.
Be3 Ng5 11. Qd2 Nxf3+ 12. Bxf3 exd4 13. Bxd4 Bxd4 14. Qxd4 Ne5 15. Bg2 Bxh3 16. f4 Bxg2 17. Kxg2 Nc6 18. Qd3 f5 19. exf5 Rxf5 20. Rae1 Qf6 21.
b3 Nb4 22. Qd2 c6 23. Ne4 Qe7 24. Qxb4 1-0

[Event "*** Titled Tuesday 3|2 Blitz"]
[Site "Chess.com"]
[Date "2016.01.05"]
[Round "5"]
[White "GGuseinov"]
[Black "Lupul_Cenusiu"]
[Result "1-0"]
[WhiteElo "2546"]
[BlackElo "2369"]
[TimeControl "180+2"]
[EndTime "11:55:39 PST"]
[Termination "GGuseinov won by resignation"]

1. e4 c5 2. Nf3 e6 3. d4 cxd4 4.
Nxd4 Nc6 5. Nc3 Nf6 6. Nxc6 bxc6 7.
e5 Nd5 8. Ne4 Qc7 9. f4 Qb6 10.
c4 Ne3 11. Qd3 Nf5 12. b3 h5 13. Bd2 a5 14. Rb1 Bb4 15. Be2 Bb7 16. Bxb4 Qxb4+ 17. Qd2 c5 18. Qxb4 axb4 19. Nxc5 Bxg2 20. Rg1 Bc6 21. Rb2 Ke7 22. Bd3 g6 23. Bxf5 gxf5 24. Nd3 Rab8 25.
Kf2 Be4 26. Nc5 Bc6 27. Rd2 h4 28. Rg7 h3 29. Rd3 Bg2 30. Rxd7+ 1-0

[Event "*** Titled Tuesday 3|2 Blitz"]
[Site "Chess.com"]
[Date "2016.01.05"]
[Round "5"]
[White "northridgehawk"]
[Black "BellJackson95"]
[Result "0-1"]
[WhiteElo "1782"]
[BlackElo "2269"]
[TimeControl "180+2"]
[EndTime "11:55:43 PST"]
[Termination "BellJackson95 won by checkmate"]

1. e4 e5 2. Bc4 Nc6 3. Nc3 Nf6 4. d3 Bc5 5. f4 d6 6. Nf3 Ng4 7. f5 Nf2 8. Qe2 Nxh1 9. Ng5 Nd4 10. Qh5 g6 11.
Bxf7+ Kd7 12. fxg6 Qf6 13. Qg4+ Kd8 14. Qg3 Nxc2+ 15. Kd1 Nxa1 16. Qh4 Bg4+ 17. Ne2 Qf1+ 18. Kd2 Qxe2+ 19. Kc3 Qc2# 0-1

[Event "*** Titled Tuesday 3|2 Blitz"]
[Site "Chess.com"]
[Date "2016.01.05"]
[Round "5"]
[White "Danirod"]
[Black "GMCanty"]
[Result "1-0"]
[WhiteElo "2389"]
[BlackElo "2219"]
[TimeControl "180+2"]
[EndTime "11:56:33 PST"]
[Termination "Danirod won by resignation"]

1. e4 c5 2. Nf3 g6 3. d4 cxd4 4. Qxd4 Nf6 5. Nc3 Nc6 6. Qa4 d6 7. e5 Ng4 8. exd6 Bg7 9. Bb5 O-O 10. O-O Qxd6 11. h3 Nge5 12. Nxe5 Bxe5 13. Rd1 Qb8 14.
Bh6 Re8 15. Nd5 Be6 16. Nb4 Rd8 17. Nxc6 bxc6 18. Bxc6 Qxb2 19. Bxa8 Rxa8 20. Rab1 Qxa2 21. Qe4 1-0

[Event "*** Titled Tuesday 3|2 Blitz"]
[Site "Chess.com"]
[Date "2016.01.05"]
[Round "5"]
[White "Cecile_Haussernot"]
[Black "Grootneus"]
[Result "1-0"]
[WhiteElo "2216"]
[BlackElo "2018"]
[TimeControl "180+2"]
[EndTime "11:56:38 PST"]
[Termination "Cecile_Haussernot won by resignation"]

1. e4 c5 2. Nf3 Nc6 3. Nc3 Nf6 4. Bb5 Qc7 5. O-O Nd4 6. Nxd4 cxd4 7. Nd5 Nxd5 8. exd5 Qc5 9. Qe2 Qxd5 10. c4 Qe6 11. Qd3 Qf6 12. b4 a6 13. Ba4 e5 14. f4 Bxb4 15. fxe5 Qxe5 16. Ba3 Qc5 17. Rae1+ Kf8 18. Qe4 d3+ 19. Kh1 g6 20. Qe8+ Kg7 21.
Qxf7+ Kh6 22. Qf4+ Kg7 1-0

[Event "*** Titled Tuesday 3|2 Blitz"]
[Site "Chess.com"]
[Date "2016.01.05"]
[Round "5"]
[White "APL2001"]
[Black "saraswathii"]
[Result "1-0"]
[WhiteElo "2006"]
[BlackElo "1864"]
[TimeControl "180+2"]
[EndTime "11:56:59 PST"]
[Termination "APL2001 won by resignation"]

1. e4 c5 2. Nf3 e6 3. d4 cxd4 4.
Nxd4 Nf6 5. Nc3 Bb4 6. e5 Nd5 7. Bd2 Bxc3 8. bxc3 Qc7 9. f4 Nxc3 10. Qf3 Nd5 11. Nb5 Qc6 12. Nd6+ Kf8 13. Bd3 Na6 14. c4 Ndb4 15. Be4 Qc5 16. Be3 Qa5 17. O-O Nc5 18. f5 Nxe4 19. Qxe4 Ke7 20. fxe6 dxe6 21. Rxf7+ 1-0

[Event "*** Titled Tuesday 3|2 Blitz"]
[Site "Chess.com"]
[Date "2016.01.05"]
[Round "5"]
[White "nfds"]
[Black "StellarChessPro"]
[Result "1/2-1/2"]
[WhiteElo "2331"]
[BlackElo "2203"]
[TimeControl "180+2"]
[EndTime "11:57:30 PST"]
[Termination "Game drawn by agreement"]

1. e4 c6 2. Nc3 d5 3. exd5 cxd5 4. d4 Nf6 5. Nf3 Nc6 6. Be2 a6 7. O-O e6 8. Be3 Bd6 9. Ne5 Nxe5 10. dxe5 Bxe5 11.
Bd4 Bxd4 12. Qxd4 O-O 13. Bd3 Bd7 14. Rae1 Rc8 15. Qh4 h6 16. Re5 Ne4 17. Qxd8 Rfxd8 18. Nxe4 dxe4 19. Rxe4 Bb5 20. Bxb5 axb5 21. Re2 Rd5 22.
c3 Rc4 23. a3 e5 24. f3 f6 25. Kf2 Kf7 26. Rfe1 h5 27. Re4 g5 28. R1e2 Ke6 29. g4 h4 30. Ke3 f5 31. gxf5+ Kxf5 32. Rg2 Rd1 33. Reg4 Rxg4 34. fxg4+ Ke6 35. Ke4 Re1+ 36. Kd3 Kd5 37. Kd2 Rh1 38. Ke3 e4 39. Rd2+ Ke5 40. Rd8 Re1+ 41. Kf2 Rb1 42. Rf8 Rxb2+ 43. Ke3 Rxh2 44.
Rf5+ Ke6 45. Rxg5 Rc2 46. Kxe4 Rxc3 47. Rxb5 Rxa3 48. Rb6+ Kf7 49. Rxb7+ Kg6 50. Rb5 Rg3 51. Kf4 Rg1 52. Rg5+ Kf6 53. Rh5 Rh1 54. Rh6+ Kg7 55. g5 h3 56. Kg3 Rg1+ 57. Kf4 Rh1 58. Kg3 Rg1+ 59. Kxh3 Rxg5 60. Rh4 Kg6 61. Rd4 1/2-1/2

[Event "*** Titled Tuesday 3|2 Blitz"]
[Site "Chess.com"]
[Date "2016.01.05"]
[Round "5"]
[White "ZEN-22"]
[Black "oskariot"]
[Result "0-1"]
[WhiteElo "2393"]
[BlackElo "2334"]
[TimeControl "180+2"]
[EndTime "11:57:54 PST"]
[Termination "oskariot won by resignation"]

1. c4 c5 2. e3 Nf6 3. Nf3 g6 4. d4 cxd4 5. exd4 Bg7 6. Nc3 O-O 7.
Bg5 d5 8. Bxf6 Bxf6 9. cxd5 Nd7 10. Bc4 Nb6 11. Bb3 Bg4 12. O-O Bxf3 13. Qxf3 Bxd4 14.
Rad1 Bxc3 15. bxc3 Qd6 16. h4 Rac8 17. h5 Nd7 18.
Rfe1 Rc7 19. h6 Nc5 20. c4 a5 21. Re3 Ra8 22. Rde1 Kf8 23. Qe2 a4 24. Bc2 Qf6 25. Qd2 Ra6 26. Rf3 Qb2 27. Qf4 e5 28. Qf6 Rxf6 29. Rxf6 Qxc2 30. d6 Rd7 31. Rxe5 Qc1+ 32. Kh2 Qxh6+ 33. Kg3 Qd2 34. Rxc5 Rxd6 35. Rf3 Rd3 36.
Rc8+ Kg7 37. Rc7 Rxf3+ 38. gxf3 Qd6+ 39. Kh3 Qxc7 0-1

[Event "*** Titled Tuesday 3|2 Blitz"]
[Site "Chess.com"]
[Date "2016.01.05"]
[Round "5"]
[White "Fandorine"]
[Black "chessdude"]
[Result "1-0"]
[WhiteElo "2553"]
[BlackElo "2307"]
[TimeControl "180+2"]
[EndTime "11:58:11 PST"]
[Termination "Fandorine won by resignation"]

1. e4 e5 2. Nf3 Nc6 3. Nc3 Nf6 4. g3 Bc5 5. Bg2 d6 6. d3 a6 7. h3 O-O 8. O-O h6 9. Kh2 Nh7 10. Be3 Bxe3 11. fxe3 Ne7 12. Nh4 g5 13. Nf5 Nxf5 14. exf5 Nf6 15. Qd2 Kg7 16. Rad1 d5 17. e4 d4 18. Ne2 c5 19. b4 cxb4 20. Qxb4 a5 21. Qb2 Ra6 22. c3 dxc3 23. Qxc3 Qe7 24. d4 exd4 25. Qxd4 Re8 26. Rc1 Rc6 27. e5 Qxe5 28.
Bxc6 bxc6 29. Qxe5 Rxe5 30. Rce1 Ba6 31. Ng1 Rd5 32.
Rf2 c5 33. Nf3 Bd3 34. Re5 Rxe5 35. Nxe5 Ne4 36. Nxd3 c4 37. Re2 1-0

[Event "*** Titled Tuesday 3|2 Blitz"]
[Site "Chess.com"]
[Date "2016.01.05"]
[Round "5"]
[White "cool64chess"]
[Black "THORK"]
[Result "1-0"]
[WhiteElo "2227"]
[BlackElo "2156"]
[TimeControl "180+2"]
[EndTime "11:58:16 PST"]
[Termination "cool64chess won by resignation"]

1. d4 f5 2. e4 fxe4 3. Nc3 Nf6 4. Bg5 Nc6 5. d5 Ne5 6. Qe2 Nf7 7. Bh4 c6 8. O-O-O Qa5 9. Kb1 Nxd5 10. Nxe4 e5 11. c4 Nf4 12. Qe3 Ne6 13. Bd3 d5 14. Ng5 Nexg5 15. Bxg5 Bc5 16. Qg3 O-O 17. Bf6 g5 18.
Bxg5 Nxg5 19. Qxg5+ Kh8 20. Qxe5+ Kg8 21. cxd5 cxd5 22. Qxd5+ Kg7 23. Qg5+ Kh8 24. Qe5+ Kg8 25. Bc4+ Rf7 26. Qe8+ 1-0

[Event "*** Titled Tuesday 3|2 Blitz"]
[Site "Chess.com"]
[Date "2016.01.05"]
[Round "5"]
[White "Quiet_Desperation"]
[Black "levallem"]
[Result "1-0"]
[WhiteElo "2123"]
[BlackElo "2141"]
[TimeControl "180+2"]
[EndTime "11:58:17 PST"]
[Termination "Quiet_Desperation won by resignation"]

1. e4 c6 2. d4 d5 3. exd5 cxd5 4. Bd3 Nf6 5. c3 Nc6 6. h3 g6 7. Nf3 Bf5 8. Bxf5 gxf5 9. Qb3 Qd7 10. O-O e6 11.
Bf4 Be7 12. Nbd2 O-O 13. Rfe1 Kh8 14. Ne5 Nxe5 15. Bxe5 Rg8 16. Nf3 h6 17. Qc2 Kh7 18.
Bf4 Nh5 19. Ne5 Qe8 20. Bh2 Bf6 21. Kh1 Kh8 22. g4 fxg4 23. hxg4 Ng7 24. Qd2 Bg5 25. f4 Bh4 26. Rf1 Qe7 27. Qd3 Ne8 28. Qh3 Kg7 29. g5 f6 30. gxh6+ Kf8 31. Qxh4 fxe5 32. fxe5+ Qf7 33.
Rxf7+ 1-0

[Event "*** Titled Tuesday 3|2 Blitz"]
[Site "Chess.com"]
[Date "2016.01.05"]
[Round "5"]
[White "alturas_pacificas"]
[Black "chorejason"]
[Result "0-1"]
[WhiteElo "2082"]
[BlackElo "1900"]
[TimeControl "180+2"]
[EndTime "11:58:31 PST"]
[Termination "chorejason won by checkmate"]

1. d4 Nf6 2. Bf4 g6 3. e3 Bg7 4. Be2 O-O 5. Nf3 c5 6. O-O d6 7. c3 Nc6 8. h3 Qb6 9. Qb3 Na5 10. Qxb6 axb6 11. Nbd2 Be6 12. a3 d5 13. Ne5 c4 14. f3 Nh5 15. Bh2 Bh6 16. f4 f6 17. Ng4 Bg7 18. Nf2 f5 19. Bxh5 gxh5 20. Nf3 Bf6 21. Kh1 Nb3 22. Rad1 Kf7 23. Nd2 Nxd2 24. Rxd2 Rg8 25. Rg1 h4 26. Rdd1 Rg7 27. g3 Rag8 28. gxh4 Bxh4 29. Rxg7+ Rxg7 30. Rf1 Kf6 31. a4 Bf7 32. Nd1 Bh5 33. Nf2 Bf3# 0-1